 Dungeon Crawl Stone Soup version 0.30-a0-1160-g6e42c06551 (webtiles) character file.

Game seed: 7880284608928387000

1376244 Ijustatesigmund the Ruinous (level 27, 180/180 HPs)
             Began as a Gargoyle Earth Elementalist on Apr 20, 2023.
             Was the Champion of Cheibriados.
             Escaped with the Orb
             ... and 3 runes on Apr 27, 2023!
             The game lasted 06:35:14 (115533 turns).

Ijustatesigmund the Ruinous (GrEE)                Turns: 115533, Time: 06:35:14

Health: 180/180    AC: 36    Str: 27    XL:     27
Magic:  43/43      EV: 28    Int: 51    God:    Cheibriados [******]
Gold:   3546       SH: 25    Dex: 34    Spells: 8/58 levels left

rFire   + . .        w - +8 demon whip (protect)
rCold   . . .        T - +4 kite shield
rNeg    + . .        H - +0 robe of Insecurity {rF+ Regen+ Int+2 Dex+3}
rPois   ∞            O - +2 hat {Will+}
rElec   +            E - +2 cloak {Stlth+}
rCorr   +            X - +2 pair of gloves
SInv    .            k - +2 pair of boots of Ziew {Int+3}
Will    +++..        Y - amulet of reflection
Stlth   ++           r - ring "Duinynun" {rCorr Int+3 Dex+6}
HPRegen 1.30/turn    q - +5 ring of evasion
MPRegen 0.28/turn

%: reflection
@: flying, very slow
A: sickness immunity, AC +20, big wings, negative energy resistance 1,
electricity resistance, torment resistance 1, petrification resistance, mutation
resistance 1, weak 1, wild magic 1
0: Orb of Zot
}: 3/15 runes: decaying, silver, gossamer
a: Renounce Religion, Bend Time, Temporal Distortion, Slouch, Step From Time


You escaped.
You worshipped Cheibriados.
Cheibriados was exalted by your worship.
You visited 11 branches of the dungeon, and saw 53 of its levels.
You visited the Abyss 2 times.
You visited 1 bazaar.
You also visited: Ice Cave.

You collected 8501 gold pieces.
You spent 4955 gold pieces at shops.

Inventory:

Hand Weapons
 m - a +2 eveningstar of holy wrath
 w - a +8 demon whip of protection (weapon)
Armour
 k - the +2 pair of boots of Ziew (worn) {Int+3}
   (You found it on level 5 of the Vaults)

   Int:       It affects your intelligence (+3).
 E - a +2 cloak of stealth (worn)
 H - the +0 robe of Insecurity (worn) {rF+ Regen+ Int+2 Dex+3}
   (You bought it in a shop in a bazaar)

   Int:       It affects your intelligence (+2).
   Dex:       It affects your dexterity (+3).
   rF:        It protects you from fire.
   Regen:     It increases your rate of health regeneration.
 O - a +2 hat of willpower (worn)
 P - +7 gold dragon scales
 T - a +4 kite shield (worn)
 W - +0 fire dragon scales
 X - a +2 pair of gloves (worn)
Jewellery
 p - the ring "Pifiaq" {rN+ AC+4}
   (You took it off an ironbound convoker on level 5 of the Vaults)

   [ring of protection]

   AC:        It affects your AC (+4).
   rN:        It protects you from negative energy.
 q - a +5 ring of evasion (right hand)
 r - the ring "Duinynun" (left hand) {rCorr Int+3 Dex+6}
   (You bought it in a shop on level 2 of the Vaults)

   [ring of dexterity]

   Int:       It affects your intelligence (+3).
   Dex:       It affects your dexterity (+6).
   rCorr:     It protects you from acid and corrosion.
 v - an amulet of magic regeneration
 z - a ring of protection from cold
 C - a ring of protection from fire
 D - the ring "Ceqoaliph" {rC+ Int+2}
   (You took it off a deep elf pyromancer on level 3 of the Elven Halls)

   [ring of protection from cold]

   Int:       It affects your intelligence (+2).
   rC:        It protects you from cold.
 K - the ring "Suetat" {Will+ Dex+5}
   (You took it off a deep elf demonologist on level 3 of the Elven Halls)

   [ring of willpower]

   Dex:       It affects your dexterity (+5).
   Will:      It increases your willpower.
 R - the ring "Gonnieq" {rN++ Will- rCorr Dex+3 SInv}
   (You took it off a deep elf sorcerer on level 3 of the Elven Halls)

   [ring of see invisible]

   Dex:       It affects your dexterity (+3).
   rN:        It greatly protects you from negative energy.
   SInv:      It lets you see invisible.
   rCorr:     It protects you from acid and corrosion.
   Will:      It decreases your willpower.
 V - an amulet of regeneration
 Y - an amulet of reflection (around neck)
 Z - a ring of magical power
Wands
 t - a wand of polymorph (31)
 u - a wand of flame (23)
 y - a wand of mindburst (7)
 A - a wand of paralysis (33)
 I - a wand of digging (9)
Scrolls
 a - 26 scrolls of identify
 l - 9 scrolls of immolation
 n - 3 scrolls of silence
 s - 6 scrolls of amnesia
 x - a scroll of fog
 B - 3 scrolls of teleportation
 F - 4 scrolls of butterflies
 J - 7 scrolls of fear
 L - 11 scrolls of blinking
 M - 4 scrolls of brand weapon
 Q - a scroll of magic mapping
 U - 3 scrolls of poison
Potions
 b - 2 potions of magic
 c - 3 potions of cancellation
 d - 8 potions of ambrosia
 e - 4 potions of brilliance
 f - 16 potions of flight
 h - 17 potions of curing
 i - 2 potions of berserk rage
 j - 9 potions of lignification
 o - a potion of might
 G - 3 potions of resistance
 N - 10 potions of heal wounds
 S - a potion of invisibility
Miscellaneous
 g - a phantom mirror


   Skills:
 - Level 20.3 Fighting
 + Level 17.8 Maces & Flails
 - Level 12.4 Armour
 - Level 9.7 Dodging
 - Level 7.7 Stealth
 - Level 12.0 Shields
 - Level 16.0 Spellcasting
 + Level 21.6 Conjurations
 - Level 11.4 Summonings
 - Level 10.8 Necromancy
 - Level 9.4 Translocations
 - Level 10.0 Transmutations
 + Level 20.1 Earth Magic
 - Level 19.2 Invocations
 - Level 7.7 Evocations


You had 8 spell levels left.
You knew the following spells:

 Your Spells              Type           Power      Damage    Failure   Level
a - Necromutation         Tmut/Necr      56%        N/A       63%         8
c - Irradiate             Conj/Tmut      66%        3d33      1%          5
d - Dispel Undead         Necr           100%       3d31      1%          4
e - Iron Shot             Conj/Erth      73%        9d13      1%          6
f - Iskenderun's Mystic   Conj/Tloc      100%       2d19      1%          4
g - Passwall              Tmut/Erth      100%       N/A       1%          2
h - Apportation           Tloc           100%       N/A       1%          1
i - Borgnjor's Vile Clut  Necr/Erth      65%        N/A       1%          5
j - Lehudib's Crystal Sp  Conj/Erth      73%        10d16     1%          8
k - Spellforged Servitor  Conj/Summ      67%        N/A       1%          7

Your spell library contained the following spells:

 Spells                   Type           Power      Damage    Failure   Level
 Beastly Appendage        Tmut           100%       N/A       1%          1
 Kiss of Death            Conj/Necr      100%       2d13      1%          1
 Magic Dart               Conj           100%       1d8       1%          1
 Necrotise                Necr           100%       1d9       1%          1
 Sandblast                Erth           100%       2d20      1%          1
 Shock                    Conj/Air       100%       1d9       1%          1
 Sting                    Tmut/Pois      100%       1d8       1%          1
 Summon Small Mammal      Summ           100%       N/A       1%          1
 Call Imp                 Summ           100%       N/A       1%          2
 Searing Ray              Conj           100%       2d8       1%          2
 Static Discharge         Conj/Air       100%       2-7/arc   1%          2
 Wereblood                Tmut           100%       N/A       1%          2
 Hailstorm                Conj/Ice       100%       3d20      1%          3
 Mephitic Cloud           Conj/Pois/Air  99%        N/A       1%          3
 Spider Form              Tmut/Pois      88%        N/A       1%          3
 Stone Arrow              Conj/Erth      100%       3d13      1%          3
 Vampiric Draining        Necr           100%       2d13      1%          3
 Volatile Blastmotes      Fire/Tloc      100%       2d18      1%          3
 Anguish                  Hex/Necr       45%        N/A       1%          4
 Animate Armour           Summ/Erth      100%       N/A       1%          4
 Animate Dead             Necr           100%       N/A       1%          4
 Flame Wave               Conj/Fire      100%       2d21      1%          4
 Fulminant Prism          Conj/Hex       57%        3d24      1%          4
 Ice Form                 Ice/Tmut       88%        N/A       1%          4
 Leda's Liquefaction      Hex/Erth       56%        N/A       1%          4
 Passage of Golubria      Tloc           100%       N/A       1%          4
 Petrify                  Tmut/Erth      100%       N/A       1%          4
 Sticky Flame             Conj/Fire      100%       2d11      1%          4
 Summon Ice Beast         Ice/Summ       92%        N/A       1%          4
 Summon Lightning Spire   Summ/Air       92%        N/A       1%          4
 Blade Hands              Tmut           55%        N/A       1%          5
 Iskenderun's Battlesphe  Conj           100%       2d15      1%          5
 Lee's Rapid Deconstruct  Erth           72%        3d32*     1%          5
 Summon Forest            Summ/Tloc      56%        N/A       1%          5
 Ensorcelled Hibernation  Hex/Ice        100%       N/A       2%          2
 Poisonous Vapours        Pois/Air       100%       N/A       2%          2
 Freezing Cloud           Conj/Ice/Air   49%        6-21      2%          5
 Death Channel            Necr           57%        N/A       2%          6
 Summon Cactus Giant      Summ           58%        N/A       2%          6
 Inner Flame              Hex/Fire       52%        N/A       3%          3
 Swiftness                Air            52%        N/A       3%          3
 Tukima's Dance           Hex            52%        N/A       3%          3
 Summon Mana Viper        Hex/Summ       92%        N/A       3%          5
 Alistair's Intoxication  Tmut/Pois      58%        N/A       4%          5
 Yara's Violent Unravell  Hex/Tmut       44%        3d17      4%          5
 Monstrous Menagerie      Summ           58%        N/A       9%          7
 Summon Hydra             Summ           58%        N/A       9%          7
 Haunt                    Necr/Summ      58%        N/A       10%         7
 Airstrike                Air            26%        2d(4-20)  11%         4
 Cause Fear               Hex            26%        N/A       11%         4
 Olgreb's Toxic Radiance  Pois           52%        N/A       11%         4
 Dragon Form              Tmut           55%        N/A       14%         7
 Simulacrum               Ice/Necr       45%        N/A       17%         6
 Eringya's Noxious Bog    Tmut/Pois      44%        N/A       21%         6
 Silence                  Hex/Air        26%        N/A       26%         5
 Borgnjor's Revivificati  Necr           57%        N/A       56%         8
 Infestation              Necr           57%        N/A       56%         8
 Discord                  Hex            26%        N/A       100%        8
 Ignition                 Fire           26%        3d9       100%        8
 Death's Door             Necr           57%        N/A       100%        9
 Dragon's Call            Summ           58%        N/A       100%        9
 Cigotuvi's Dreadful Rot  Necr/Pois/Air  Unusable   N/A       N/A         2
 Sublimation of Blood     Necr           Unusable   N/A       N/A         2
 Statue Form              Tmut/Erth      Unusable   N/A       N/A         6

Dungeon Overview and Level Annotations

Branches:
Dungeon (15/15)            Temple (0/1) D:6            Lair (5/5) D:11
  Swamp (4/4) Lair:2       Spider (4/4) Lair:3        Slime (3/5) Lair:4
    Orc (2/2) D:9             Elf (3/3) Orc:2        Vaults (5/5) D:14
  Crypt (3/3) Vaults:2       Tomb (0/3) Crypt:3      Depths (4/4) D:15
    Zot (5/5) Depths:4      IceCv (visited)

Altars:
Ashenzari
Cheibriados
Elyvilon
Fedhas
Nemelex Xobeh
Qazlal
Ru
Sif Muna
Trog
Uskayaw
Wu Jian
Xom
Yredelemnul
Zin
The Shining One
Jiyva

Shops:
D:4 :   D:10 *   Orc:1 [   Orc:2 [:(*=   Elf:1 ?   Elf:2 [:(*(   Vaults:1 ?
Vaults:2 ==   Vaults:3 (![   Vaults:5 *?   Depths:3 (

Portals:
Hell: Depths:1 Depths:2 Depths:3 Depths:4
Abyss: Depths:1 Depths:3
Pandemonium: Depths:2
Ziggurat: Depths:3
Trove: Elf:3 (give +3 storm dragon scales)

Annotations:
Depths:2 2 runed translucent doors


Innate Abilities, Weirdness & Mutations

You are immune to sickness and miasma.
Your stone body is resilient. (AC +20)
You are immune to poison.
Your large and strong wings let you fly.
You resist negative energy. (rN+)
You are resistant to electric shocks. (rElec)
You are resistant to unholy torment.
You are immune to petrification.
You are somewhat resistant to further mutation.
You are weak. (Str -2)
Your spells are a little harder to cast, but a little more powerful.


Message History

There is an open door here.
There is a stone staircase leading up here.
You fly upwards.
There is a stone staircase leading down here.
(D) Dungeon (T) Temple (L) Lair (S) Swamp (N) Spider Nest (M) Slime Pits (O) Orcish Mines (E) Elven Halls (V) Vaults (C) Crypt (W) Tomb (U) Depths (H) Hell (Z) Zot
Where to? (Enter - D:5, ? - help)
There is a stone staircase leading up here.
You fly upwards.
There is a stone staircase leading down here.
(D) Dungeon (T) Temple (L) Lair (S) Swamp (N) Spider Nest (M) Slime Pits (O) Orcish Mines (E) Elven Halls (V) Vaults (C) Crypt (W) Tomb (U) Depths (H) Hell (Z) Zot
Where to? (Enter - D:4, ? - help)
You see here a +0 club.
There is a stone staircase leading up here.
You fly upwards.
There is a stone staircase leading down here.
(D) Dungeon (T) Temple (L) Lair (S) Swamp (N) Spider Nest (M) Slime Pits (O) Orcish Mines (E) Elven Halls (V) Vaults (C) Crypt (W) Tomb (U) Depths (H) Hell (Z) Zot
Where to? (Enter - D:3, ? - help)
There is a stone staircase leading up here.
You fly upwards.
There is a stone staircase leading down here.
(D) Dungeon (T) Temple (L) Lair (S) Swamp (N) Spider Nest (M) Slime Pits (O) Orcish Mines (E) Elven Halls (V) Vaults (C) Crypt (W) Tomb (U) Depths (H) Hell (Z) Zot
Where to? (Enter - D:2, ? - help)
You see here 3 poisoned darts.
There is a stone staircase leading up here.
You fly upwards.
There is a stone staircase leading down here.
There is a staircase leading out of the dungeon here.
You have escaped!

..........####### #†#
....##...## #.# .##.....## #.#
.........### ###### #.#######
...#.###...# ##~##~## #.......#
#..#.# ###.###~P~~P~###.......#
##.#.#####..#~P8PP8P~#.......[#
##........####~P..P.###.......#
##........>.....@.......#######
#..#####...##~♣....###.# ##..#
###.#~♣8♣.8.~#..# ...##
#.##~♣~~.~##.##
##.############~##~###.#
.#.#..........########.###
.............##..[.......#
.#...........########....#
..(..........# #....#


There were no monsters in sight!

Vanquished Creatures
  6 dread liches
  Mara (Spider:4)
  2 ancient liches
  5 orbs of fire
  A juggernaut (Depths:2)
  Mennas (Depths:4)
  Frederick (Crypt:2)
  Parghit (Zot:2)
  7 golden dragons
  Arachne (Spider:4)
  Jory (Depths:3)
  4 bone dragons
  12 tentacled monstrosities
  4 electric golems
  An Ice Fiend (D:9)
  22 Orb Guardians
  9 liches
  A shard shrike skeleton (Crypt:3)
  Asterion (Spider:3)
  3 deep elf blademasters
  A titan (Vaults:4)
  2 quicksilver dragons (Zot:4)
  3 acid blobs
  7 tentacled starspawn
  A thorn hunter (Swamp:4)
  5 ancient champions
  2 deep elf master archers (Elf:3)
  Kirke (D:15)
  6 death cobs
  12 storm dragons
  7 sphinxes
  9 revenants
  3 tengu reavers
  Roxanne (Swamp:1)
  2 azure jellies (Slime:2)
  3 draconian knights
  6 shadow dragons
  A fire giant (shapeshifter) (Vaults:5)
  A rockslime (Slime:1)
  11 frost giants
  2 iron dragons
  2 draconian monks (Zot:3)
  7 deep elf sorcerers
  A frost giant (shapeshifter) (Elf:2)
  11 fire giants
  2 draconian shifters
  7 ghost moths
  11 emperor scorpions
  3 spectral juggernauts (Depths:3)
  16 vault wardens
  Aizul (Depths:2)
  2 spectral caustic shrikes (Depths:3)
  2 draconian annihilators
  12 ghouls
  5 draconian scorchers
  A curse skull (Crypt:1)
  A deep elf elementalist (Elf:3)
  The ghost of Wosux the Peltast, a journeyman GrFi of Okawaru (Spider:1)
  A spriggan defender (Depths:2)
  24 ironbound preservers
  2 quicksilver oozes (Slime:1)
  3 broodmothers
  2 war gargoyles
  A reaper (Depths:2)
  2 orc warlords
  16 vampire knights
  45 very ugly things
  3 draconian stormcallers
  Nessos (D:15)
  18 stone giants
  A caustic shrike skeleton (Depths:3)
  6 ironbound thunderhulks
  3 black draconians
  13 dire elephants
  6 deep elf annihilators
  9 deep elf demonologists
  A rockslime zombie (Crypt:3)
  5 white draconians
  Azrael (Elf:2)
  10 green draconians
  2 eleionomae
  7 yellow draconians
  6 bunyips
  13 spark wasps
  7 red draconians
  4 eidola
  5 purple draconians
  A blizzard demon (Abyss:3)
  A crystal guardian (Vaults:3)
  11 deep elf death magi
  A green death (Zot:3)
  9 jiangshi
  Josephine (Swamp:1)
  9 ettins
  7 entropy weavers
  17 fire dragons
  A shambling mangrove (Swamp:4)
  A spectral spriggan (Depths:3)
  2 spectral golden dragons (Depths:3)
  A spriggan zombie (Crypt:2)
  15 yaktaur captains
  3 deep elf high priests
  5 great orbs of eyes
  A ghost crab (Swamp:4)
  11 ice dragons
  5 hell beasts
  27 vault guards
  3 rakshasas
  A spectral tengu (Depths:3)
  A catoblepas (Lair:1)
  A juggernaut simulacrum (Depths:3)
  18 hydras
  4 spriggan air magi
  4 jorogumos
  A spriggan skeleton (Abyss:3)
  The ghost of Odexios the Frost Mage, a journeyman OpTm of Gozag (D:10)
  The ghost of Xoimmeym the Skirmisher, a journeyman DsHu of Okawaru (Lair:2)
  2 peacekeepers
  2 death knights (Crypt:1)
  2 radroaches (Spider:1)
  28 dancing weapons
  13 centaur warriors
  A fenstrider witch skeleton (Crypt:1)
  8 boulder beetles
  11 alligators
  8 ironbound frosthearts
  10 deep troll earth magi
  5 two-headed ogres
  A death scarab (Spider:3)
  5 tengu warriors
  13 death yaks
  An orc high priest (Orc:2)
  2 hell hogs (Depths:2)
  9 spriggan berserkers
  5 deep troll shamans
  Urug (Lair:5)
  A sun demon (Abyss:2)
  4 soul eaters
  2 thrashing horrors (Abyss:2)
  12 vampire magi
  Nergalle (Lair:1)
  6 hell knights
  7 iron trolls
  13 deep elf knights
  A skyshark (Lair:5)
  5 sixfirhies
  24 skeletal warriors
  A cherub (Zot:4)
  7 goliath frogs
  2 fire crabs (Swamp:4)
  A sea snake (shapeshifter) (Abyss:2)
  6 shadow wraiths
  66 deep trolls
  10 pharaoh ants
  A goliath frog (shapeshifter) (Vaults:5)
  2 spark wasp zombies
  9 orb spiders
  2 sun moths (Spider:3)
  6 glowing orange brains
  A deep troll (shapeshifter) (Vaults:4)
  A spriggan simulacrum (Depths:3)
  12 swamp dragons
  11 bog bodies
  5 flayed ghosts
  12 wizards
  17 phantasmal warriors
  5 lindwurms
  A golden dragon skeleton (Depths:3)
  A bunyip skeleton (Crypt:2)
  15 deep elf zephyrmancers
  8 orc knights
  11 deep elf archers
  A tengu zombie (Crypt:3)
  8 necromancers
  18 ironbound convokers
  An iron dragon zombie (Depths:3)
  4 steelbarb worms
  4 harpies (Vaults:2)
  A shadow dragon zombie (Depths:3)
  25 deep elf pyromancers
  22 wolf spiders
  A manticore (D:15)
  A human zombie (Vaults:4)
  A salamander (Depths:3)
  2 shining eyes
  4 orc sorcerers
  3 cyclopes
  25 moths of wrath
  A manticore (shapeshifter) (Vaults:5)
  35 ugly things
  A stone giant zombie (Vaults:4)
  6 will-o-the-wisps
  4 worldbinders
  A centaur zombie (Crypt:2)
  14 elephants (Lair:3)
  17 vault sentinels
  A frost giant skeleton (Vaults:4)
  2 ice statues
  A stone giant skeleton (Crypt:3)
  An alligator snapping turtle zombie (Abyss:2)
  5 black mambas
  An apocalypse crab (Abyss:3)
  12 cane toads
  An eye of devastation (Slime:1)
  7 torpor snails
  9 demonic crawlers
  A molten gargoyle (Swamp:4)
  A cane toad (shapeshifter) (Vaults:4)
  13 large abominations
  An orc skeleton (Crypt:2)
  48 yaktaurs
  6 unseen horrors (Depths:1)
  A nameless horror (Crypt:3)
  An orange demon (Abyss:3)
  A hellion (D:11)
  A redback zombie (Crypt:2)
  A dire elephant skeleton (Crypt:2)
  7 komodo dragons
  A bunyip simulacrum (Crypt:2)
  7 tengu conjurers
  8 rime drakes
  An ice devil (Depths:2)
  3 efreet
  A swamp worm zombie (Crypt:3)
  12 freezing wraiths
  An alligator snapping turtle skeleton (Crypt:2)
  A tormentor (Abyss:2)
  A minotaur skeleton (Crypt:3)
  2 ancient zymes (Abyss:3)
  A golden dragon simulacrum (Depths:3)
  11 polar bears
  7 meliai
  11 trolls
  A queen bee (shapeshifter) (Vaults:5)
  A merfolk (shapeshifter) (Depths:2)
  A polar bear (shapeshifter) (Depths:3)
  21 hornets
  Prince Ribbit (Lair:2)
  30 tarantellas
  A harpy skeleton (Crypt:3)
  7 raiju (Abyss:3)
  6 tyrant leeches
  7 dream sheep (Lair:5)
  A jumping spider zombie (Crypt:1)
  A human simulacrum (Vaults:4)
  18 blink frogs
  A guardian serpent skeleton (Crypt:3)
  19 jumping spiders
  A slime creature (shapeshifter) (Vaults:5)
  A ynoxinul (Abyss:3)
  An ettin zombie (Abyss:2)
  6 flying skulls
  3 air elementals
  89 slime creatures
  60 yaks
  2 centaur simulacra
  26 spriggans
  4 vampires
  Eustachio (D:5)
  3 shadows
  7 wraiths
  9 water elementals
  16 culicivoras
  6 fire bats
  2 hogs (D:15)
  A naga simulacrum (Crypt:2)
  A wyvern (Lair:2)
  5 basilisks
  7 steam dragons
  A black mamba skeleton (Crypt:3)
  8 fire elementals
  3 golden eyes (Slime:2)
  5 chaos spawn
  A neqoxec (Abyss:2)
  11 vampire mosquitoes
  Menkaure (D:7)
  73 redbacks
  12 swamp worms
  4 wargs
  14 small abominations
  2 acid dragons
  15 water moccasins
  Duvessa (D:5)
  A floating eye (Depths:3)
  8 hell hounds
  A deep troll skeleton (Crypt:2)
  A human skeleton (Depths:3)
  2 ice beasts (D:6)
  A sky beast (D:8)
  A blink frog zombie (Crypt:1)
  22 orc warriors
  10 swamp drakes
  28 wolves
  10 centaurs
  4 black bears
  3 ogres
  9 boggarts
  32 starcursed masses
  4 kobold brigands
  A komodo dragon zombie (Crypt:1)
  A phantom (D:6)
  A hog skeleton (Crypt:1)
  2 gnoll sergeants
  A salamander zombie (Crypt:3)
  2 necrophages (Vaults:2)
  12 bullfrogs
  An earth elemental (Elf:3)
  A yaktaur skeleton (Crypt:1)
  5 scorpions
  Dowan (D:5)
  16 wights
  A warg zombie (Crypt:2)
  20 killer bees
  5 howler monkeys
  6 electric eels
  A crimson imp (Abyss:2)
  3 quasits
  6 hounds
  12 orc priests
  2 gnoll boudas
  13 jellies
  An iron imp (Abyss:3)
  A black bear skeleton (Crypt:2)
  A scorpion zombie (Crypt:3)
  4 sleepcaps
  19 orc wizards
  A naga skeleton (Crypt:1)
  10 adders
  19 gnolls
  A shadow imp (D:8)
  14 white imps
  3 ufetubi
  A lava snake zombie (Crypt:2)
  2 worms
  3 dart slugs
  47 orcs
  7 bats
  22 endoplasms
  3 giant cockroaches
  12 goblins
  6 hobgoblins
  2 jackals (D:3)
  29 kobolds
  6 quokkas
  3 ball pythons
  2 frilled lizards (D:1)
  A goblin skeleton (Crypt:1)
  3 rats
  2 fire vortices
  2 lurking horrors
  9 starspawn tentacles (Abyss:3)
2446 creatures vanquished.

Vanquished Creatures (collateral kills)
  2 ancient liches (Crypt:3)
  2 orbs of fire (Zot:5)
  3 curse toes
  3 Killer Klowns (Zot:5)
  The ghost of Qikas the Invulnerable, a veteran MiBe of Trog (Depths:3)
  A pandemonium lord (D:12)
  A golden dragon (Zot:4)
  A Tzitzimitl (Zot:3)
  3 tentacled monstrosities
  A lich (Crypt:3)
  A titan (Vaults:5)
  5 Orb Guardians (Zot:5)
  A sphinx (Vaults:5)
  An acid blob (Slime:1)
  An ancient champion (Crypt:3)
  A shadow dragon (Vaults:5)
  2 storm dragons
  A revenant (Crypt:3)
  A deep elf sorcerer (Vaults:5)
  2 draconian scorchers
  A ghoul (Crypt:3)
  2 draconian stormcallers
  A reaper (Crypt:3)
  3 vampire knights (Crypt:3)
  A red draconian (Zot:4)
  A juggernaut skeleton (Crypt:3)
  A black draconian (Zot:4)
  2 purple draconians (Zot:2)
  2 white draconians
  A yellow draconian (Zot:4)
  3 spark wasps (Depths:3)
  2 ettins
  3 eidola (Crypt:3)
  A deep elf death mage (Crypt:3)
  A fire dragon (Depths:4)
  2 yaktaur captains (Vaults:5)
  2 hell knights (Vaults:5)
  2 soul eaters (Crypt:3)
  A spark wasp zombie (Crypt:3)
  4 skeletal warriors
  A flayed ghost (Crypt:3)
  A deep troll (Depths:4)
  An obsidian statue (Zot:5)
  An orc knight (Vaults:5)
  3 phantasmal warriors
  A bunyip skeleton (Crypt:3)
  A steelbarb worm (shapeshifter) (Vaults:5)
  A shining eye (Slime:2)
  A shadow dragon skeleton (Crypt:2)
  2 moths of wrath
  A vault sentinel (Vaults:5)
  An unseen horror skeleton (Crypt:2)
  A yaktaur (Vaults:5)
  A freezing wraith (Crypt:2)
  9 slime creatures
  A satyr zombie (Crypt:3)
  2 golden eyes (Slime:2)
  2 hell hounds (D:9)
  A necrophage (Crypt:3)
  A wyvern zombie (Crypt:2)
  A sky beast zombie (Crypt:3)
  A fire vortex (D:12)
105 creatures vanquished.

Vanquished Creatures (others)
  An ancient champion (Crypt:2)
  A hydra (Swamp:4)
  A deep elf knight (Elf:3)
  2 swamp dragons (Swamp:4)
  2 deep elf zephyrmancers
  An orange demon (D:12)
  A steam dragon (Swamp:4)
  A redback (Spider:2)
  2 swamp drakes (Swamp:4)
  An orc warrior (D:8)
  A kobold brigand (D:8)
  A bullfrog (D:8)
  A gnoll bouda (D:8)
  An orc (Orc:2)
  2 kobolds (D:8)
  24 foxfires
  32 fungi
  A lurking horror (Abyss:3)
  70 plants
  18 starspawn tentacles
  4 toadstools (D:1)
168 creatures vanquished.

Grand Total: 2719 creatures vanquished

Notes
Turn   | Place    | Note
-------+----------+-------------------------------------------
     0 | D:1      | Ijustatesigmund the Gargoyle Earth Elementalist began the
                  | quest for the Orb.
     0 | D:1      | Reached XP level 1. HP: 10/10 MP: 3/3
   568 | D:1      | Reached XP level 2. HP: 16/16 MP: 3/5
   763 | D:1      | Reached skill level 1 in Fighting
  1469 | D:2      | Found a white marble altar of Elyvilon.
  1500 | D:2      | Reached XP level 3. HP: 18/20 MP: 1/6
  1549 | D:2      | Learned a level 3 spell: Stone Arrow
  2076 | D:2      | Reached skill level 1 in Conjurations
  2089 | D:2      | Reached XP level 4. HP: 21/26 MP: 0/8
  2630 | D:3      | Found a hide-covered altar of Uskayaw.
  2833 | D:3      | Reached XP level 5. HP: 31/31 MP: 6/9
  2859 | D:3      | Found a bloodstained altar of Trog.
  2965 | D:3      | Reached skill level 2 in Conjurations
  3187 | D:3      | Found a faded altar of an unknown god.
  3484 | D:4      | Reached skill level 1 in Maces & Flails
  3484 | D:4      | Reached skill level 1 in Armour
  3690 | D:4      | Reached XP level 6. HP: 36/36 MP: 6/11
  3882 | D:4      | Found a white marble altar of Elyvilon.
  3943 | D:4      | Reached skill level 3 in Conjurations
  4015 | D:4      | Identified a scroll of acquirement
  4015 | D:4      | Acquired 960 gold pieces
  4093 | D:4      | Found a stormy altar of Qazlal.
  4383 | D:4      | Found Belys's Book Boutique.
  4392 | D:4      | Bought a manual of Conjurations for 1120 gold pieces
  4530 | D:5      | Entered Level 5 of the Dungeon
  4541 | D:5      | Identified the +1 falchion of Sufuxob {flame, Str+6}
  4594 | D:5      | Reached XP level 7. HP: 40/40 MP: 4/13
  4829 | D:5      | Noticed Eustachio
  4834 | D:5      | Killed Eustachio
  4835 | D:5      | Reached skill level 4 in Conjurations
  4962 | D:5      | Found a blossoming altar of Fedhas.
  5079 | D:5      | Reached skill level 5 in Conjurations
  5496 | D:5      | Noticed Dowan
  5496 | D:5      | Noticed Duvessa
  5510 | D:5      | Killed Duvessa
  5511 | D:5      | Reached skill level 6 in Conjurations
  5511 | D:5      | Reached XP level 8. HP: 17/48 MP: 1/15
  5666 | D:5      | Killed Dowan
  6159 | D:5      | Reached skill level 5 in Spellcasting
  6639 | D:6      | Found a snail-covered altar of Cheibriados.
  6643 | D:6      | Found a staircase to the Ecumenical Temple.
  6646 | D:6      | Became a worshipper of Cheibriados the Contemplative
  6766 | D:6      | Reached skill level 5 in Fighting
  6766 | D:6      | Reached skill level 7 in Conjurations
  6815 | D:6      | Reached skill level 1 in Invocations
  7408 | D:6      | Found a sacrificial altar of Ru.
  7421 | D:6      | Reached XP level 9. HP: 38/54 MP: 7/17
  7502 | D:6      | Reached skill level 8 in Conjurations
  7503 | D:6      | Reached * piety under Cheibriados
  7823 | D:6      | Found a glowing golden altar of the Shining One.
  8002 | D:7      | HP: 2/55 [orc/+0 war axe (8)]
  8252 | D:7      | Noticed a troll
  8256 | D:7      | Killed a troll
  8257 | D:7      | Reached skill level 9 in Conjurations
  8372 | D:7      | Reached skill level 5 in Maces & Flails
  8383 | D:7      | Reached XP level 10. HP: 14/61 MP: 14/19
  8592 | D:7      | Reached ** piety under Cheibriados
  8831 | D:7      | Reached skill level 10 in Conjurations
  8951 | D:7      | Noticed Menkaure
  8957 | D:7      | Killed Menkaure
  9164 | D:7      | Found a sparkling altar of Nemelex Xobeh.
  9345 | D:7      | Reached skill level 5 in Invocations
  9905 | D:8      | Reached skill level 1 in Evocations
 10132 | D:8      | Found a broken altar of Ashenzari.
 10460 | D:8      | Found a shimmering altar of Xom.
 10469 | D:8      | Reached *** piety under Cheibriados
 11555 | D:9      | Reached skill level 11 in Conjurations
 11597 | D:9      | Reached skill level 5 in Earth Magic
 11598 | D:9      | Found a staircase to the Orcish Mines.
 11754 | D:9      | Noticed a two-headed ogre
 11764 | D:9      | Killed a two-headed ogre
 11768 | D:9      | Reached XP level 11. HP: 53/67 MP: 9/22
 12053 | D:9      | Reached **** piety under Cheibriados
 12058 | D:9      | Reached skill level 5 in Armour
 12458 | D:9      | Found a glowing silver altar of Zin.
 12723 | D:9      | Found an ornate altar of the Wu Jian Council.
 12824 | D:9      | Found a basalt altar of Yredelemnul.
 12916 | D:10     | Entered Level 10 of the Dungeon
 13295 | D:10     | Learned a level 5 spell: Irradiate
 13321 | D:10     | Reached skill level 12 in Conjurations
 13365 | D:10     | Reached skill level 1 in Transmutations
 13667 | D:10     | Found Kippumae's Mass Market.
 13965 | D:10     | Found a bloodstained altar of Trog.
 13965 | D:10     | Noticed a tengu warrior
 13965 | D:10     | Noticed Odexios's ghost (journeyman OpTm)
 13965 | D:10     | Noticed a moth of wrath
 13985 | D:10     | Found a transporter.
 13988 | D:10     | Found a transporter.
 13990 | D:10     | Noticed a two-headed ogre
 14734 | D:11     | Reached ***** piety under Cheibriados
 14809 | D:11     | Found a staircase to the Lair.
 15945 | D:12     | Reached skill level 13 in Conjurations
 16207 | D:12     | Reached skill level 1 in Shields
 16232 | D:12     | Noticed a cyclops
 16241 | D:12     | Killed a cyclops
 16242 | D:12     | Reached XP level 12. HP: 72/72 MP: 16/23
 17265 | D:13     | Reached skill level 5 in Shields
 17965 | D:13     | Noticed a seven-headed hydra
 17965 | D:13     | Noticed a centaur warrior
 17968 | D:13     | Killed a centaur warrior
 17972 | D:13     | Killed a seven-headed hydra
 18135 | D:13     | Noticed a five-headed hydra
 18147 | D:13     | Killed a five-headed hydra
 18918 | D:14     | Noticed a two-headed ogre
 18919 | D:14     | Noticed a boulder beetle
 19031 | D:13     | Killed a two-headed ogre
 19081 | D:14     | Killed a boulder beetle
 19236 | D:14     | Reached skill level 5 in Transmutations
 19698 | D:14     | Noticed a four-headed hydra
 19704 | D:14     | Killed a four-headed hydra
 20168 | D:14     | Reached XP level 13. HP: 76/76 MP: 13/24
 20750 | D:14     | Found a gate to the Vaults.
 20993 | Lair:1   | Entered Level 1 of the Lair of Beasts
 21889 | Lair:1   | Learned a level 4 spell: Dispel Undead
 21917 | Lair:1   | Noticed Nergalle
 21925 | Lair:1   | Killed Nergalle
 21926 | Lair:1   | Reached skill level 1 in Necromancy
 22937 | Lair:2   | Found a runed translucent door.
 22937 | Lair:2   | Noticed Xoimmeym's ghost (journeyman DsHu)
 22944 | Lair:2   | Noticed Prince Ribbit
 22961 | Lair:2   | Killed Prince Ribbit
 23088 | Lair:2   | Killed Xoimmeym's ghost
 23597 | Lair:2   | Reached ****** piety under Cheibriados
 23708 | Lair:2   | Found a staircase to the Swamp.
 24336 | Lair:3   | Gained mutation: Your large and strong wings let you fly.
                  | [Gargoyle growth]
 24336 | Lair:3   | Reached XP level 14. HP: 84/84 MP: 23/27
 24366 | Lair:3   | Found a hole to the Spider Nest.
 24568 | Lair:3   | Reached skill level 10 in Spellcasting
 25367 | Lair:4   | Reached skill level 5 in Necromancy
 25407 | Lair:4   | Found a viscous altar of Jiyva.
 25419 | Lair:4   | Found a staircase to the Slime Pits.
 25586 | Lair:4   | Identified the +3 ring mail of Vuhy {rPois rF++ rCorr
                  | Int-4}
 25603 | Lair:4   | Reached skill level 10 in Invocations
 25616 | Lair:5   | Entered Level 5 of the Lair of Beasts
 26071 | Lair:4   | Found the +8 arc blade {discharge, rElec}
 27123 | Lair:5   | Noticed Urug
 27131 | Lair:5   | Killed Urug
 27656 | Lair:5   | Reached XP level 15. HP: 84/89 MP: 2/30
 28053 | Lair:5   | Reached skill level 14 in Conjurations
 28530 | Lair:5   | Learned a level 6 spell: Iron Shot
 28982 | Orc:1    | Entered Level 1 of the Orcish Mines
 29071 | Orc:1    | Found Gaomu's Armour Emporium.
 29188 | Orc:2    | Entered Level 2 of the Orcish Mines
 29306 | Orc:2    | Found a frozen archway.
 29326 | IceCv    | Entered an ice cave
 30143 | IceCv    | Noticed a frost giant
 30159 | IceCv    | Killed a frost giant
 30163 | IceCv    | Reached skill level 15 in Conjurations
 30412 | IceCv    | Reached skill level 10 in Fighting
 31097 | Orc:2    | Noticed an orc warlord
 31709 | Orc:2    | Killed an orc warlord
 32783 | Orc:2    | Found South's Antique Weapon Boutique.
 32892 | Orc:2    | Found Alyak's Antique Armour Boutique.
 32918 | Orc:2    | Bought a glowing morningstar for 182 gold pieces
 32934 | Orc:2    | Found Heapog's Jewellery Boutique.
 32971 | Orc:2    | Bought a +5 ring of evasion for 540 gold pieces
 33044 | Orc:2    | Found a staircase to the Elven Halls.
 33096 | Orc:2    | Found Duedeuti's Book Boutique.
 33111 | Orc:2    | Found Hofos's General Store.
 33118 | Orc:2    | Bought a potion of heal wounds for 60 gold pieces
 33468 | Swamp:1  | Entered Level 1 of the Swamp
 33731 | Swamp:1  | Noticed Josephine
 33742 | Swamp:1  | Killed Josephine
 34071 | Swamp:1  | Noticed Roxanne
 34078 | Swamp:1  | Reached XP level 16. HP: 81/98 MP: 12/32
 34439 | Swamp:1  | Killed Roxanne
 36768 | Swamp:3  | Identified the +2 scale mail of Follow the Leader {+Inv}
 37249 | Swamp:4  | Entered Level 4 of the Swamp
 37949 | Swamp:4  | Reached skill level 5 in Dodging
 38448 | Swamp:4  | Reached XP level 17. HP: 58/104 MP: 1/34
 38876 | Swamp:4  | Got a decaying rune of Zot
 39127 | Swamp:4  | Upgraded the game from 0.30-a0-1113-ga8025317a9 to
                  | 0.30-a0-1114-gd936c97349
 39595 | Orc:2    | Bought a book of Blasting for 480 gold pieces
 39600 | Orc:2    | Learned a level 4 spell: Iskenderun's Mystic Blast
 40124 | Spider:1 | Entered Level 1 of the Spider Nest
 40262 | Spider:1 | Reached skill level 1 in Translocations
 41223 | Spider:1 | Noticed Wosux's ghost (journeyman GrFi)
 41267 | Spider:1 | Found a transporter.
 41351 | Spider:1 | Found a transporter.
 42259 | Spider:2 | Reached skill level 5 in Evocations
 42670 | Spider:2 | Reached skill level 5 in Translocations
 43740 | Spider:3 | Learned a level 2 spell: Passwall
 45394 | Spider:3 | Reached XP level 18. HP: 54/110 MP: 0/35
 46117 | Spider:4 | Entered Level 4 of the Spider Nest
 46220 | Spider:4 | Reached skill level 10 in Earth Magic
 46220 | Spider:4 | Noticed Mara
 47224 | Spider:4 | Noticed Arachne
 47242 | Spider:4 | HP: 3/110 [Arachne/staff of poison (12)]
 47243 | Spider:4 | Killed Arachne
 47335 | Spider:4 | Noticed Ijustatesigmund's illusion
 47339 | Spider:4 | Killed Mara
 47736 | Spider:4 | Noticed Asterion
 47887 | Spider:3 | Killed Asterion
 50901 | Spider:4 | Got a gossamer rune of Zot
 51332 | D:15     | Entered Level 15 of the Dungeon
 53132 | D:15     | Noticed Nessos
 53136 | D:15     | Killed Nessos
 53984 | D:15     | Found a staircase to the Depths.
 54089 | D:15     | Noticed Kirke
 54093 | D:15     | Killed Kirke
 54094 | D:15     | Reached XP level 19. HP: 116/116 MP: 20/37
 54903 | Elf:1    | Entered Level 1 of the Elven Halls
 55061 | Elf:1    | Found a shimmering blue altar of Sif Muna.
 55307 | Elf:1    | Identified the +2 plate armour of Hepliaklqana's Outrage
                  | {Harm Fly rC+ Int+4}
 55482 | Abyss:2  | Cast into level 2 of the Abyss (a deep elf sorcerer)
 56100 | Abyss:2  | Paralysed by a great orb of eyes for 4 turns
 56474 | Abyss:3  | Noticed a bone dragon
 56640 | Abyss:3  | Found a corrupted altar of Lugonu.
 56767 | Abyss:3  | Noticed a bone dragon
 56804 | Abyss:3  | Killed a bone dragon
 57086 | Elf:1    | Escaped the Abyss
 57298 | Elf:1    | Found Ryjic's Magic Scroll Emporium.
 57304 | Elf:1    | Bought a scroll of blinking for 90 gold pieces
 57304 | Elf:1    | Bought a scroll of blinking for 90 gold pieces
 57462 | Elf:1    | Identified the +7 rapier "Vaetufa" {heavy, Drain Fly rPois
                  | Stlth+}
 57897 | Elf:2    | Found Quanwuni's Armour Shop.
 57900 | Elf:2    | Found Vuceutt's Weapon Boutique.
 57900 | Elf:2    | Found Ykiuwko's Book Shop.
 57905 | Elf:2    | Found Sozap's Antique Weapon Boutique.
 57945 | Elf:2    | Found Diyviennal's General Store.
 57975 | Elf:2    | Paralysed by an air elemental for 1 turns
 58396 | Elf:2    | Reached skill level 10 in Shields
 58422 | Elf:2    | Reached skill level 16 in Conjurations
 58470 | Elf:2    | an acid blob changed into an iron giant
 58470 | Elf:2    | Noticed an iron giant (glowing shapeshifter)
 58471 | Elf:2    | an iron giant changed into a golden dragon
 58471 | Elf:2    | Noticed a golden dragon (glowing shapeshifter)
 58488 | Elf:2    | a golden dragon changed into an acid blob
 58489 | Elf:2    | an acid blob changed into a golden dragon
 58489 | Elf:2    | Noticed a golden dragon (glowing shapeshifter)
 58494 | Elf:2    | a golden dragon changed into an iron dragon
 58926 | Elf:2    | Found a huge runed translucent gate.
 58926 | Elf:2    | Found a huge runed translucent gate.
 58926 | Elf:2    | Found a huge runed translucent gate.
 58926 | Elf:2    | Found a huge runed translucent gate.
 58926 | Elf:2    | Found a huge runed translucent gate.
 59863 | Elf:2    | Noticed Azrael
 59875 | Elf:2    | Killed Azrael
 59903 | Elf:2    | Reached XP level 20. HP: 64/123 MP: 6/38
 60631 | Elf:3    | Entered Level 3 of the Elven Halls
 61064 | Elf:3    | Found a portal to a secret trove of treasure.
 61528 | Elf:3    | Noticed a Tzitzimitl
 62225 | Elf:3    | Paralysed by an air elemental for 1 turns
 62229 | Elf:3    | Paralysed by an air elemental for 1 turns
 62642 | Abyss:3  | Cast into level 3 of the Abyss (a deep elf demonologist)
 62882 | Abyss:3  | Gained mutation: You occasionally shout uncontrollably at
                  | your foes. [a shining eye]
 62898 | Abyss:3  | Paralysed by accursed screaming for 1 turns
 63056 | Elf:3    | Escaped the Abyss
 63057 | Elf:3    | Identified the ring "Ceqoaliph" {rC+ Int+2}
 63349 | Elf:3    | Identified the +3 hand axe "Killer Klown's Bane" {freeze,
                  | rElec Int+4}
 63369 | Elf:3    | Identified the +6 great sword "Foal Sin" {venom, Dex+2}
 63374 | Elf:3    | Identified the ring "Gonnieq" {rN++ Will- rCorr Dex+3 SInv}
 63773 | Elf:3    | Identified the ring "Suetat" {Will+ Dex+5}
 64097 | Elf:2    | Upgraded the game from 0.30-a0-1114-gd936c97349 to
                  | 0.30-a0-1155-gf8af5b4991
 64607 | Elf:3    | Identified the +0 ring mail of Ungeshroofou {Dex+5}
 64814 | Elf:3    | Identified the staff of cold "Tichaub" {rF+ rC+ Str-5
                  | Dex+3}
 64828 | Elf:3    | Reached skill level 10 in Maces & Flails
 65364 | Elf:3    | Got the Quarto of the Assistive Spider
 65424 | Elf:3    | Learned a level 1 spell: Apportation
 65568 | Elf:3    | Found the +10 Black Knight's barding {ponderous, rPois rN+}
 65575 | Elf:3    | Got the Volume of Toxicants
 65892 | Depths:1 | Entered Level 1 of the Depths
 67178 | Depths:1 | Found a gateway to Hell.
 67214 | Depths:1 | Reached skill level 15 in Spellcasting
 67245 | Depths:1 | Reached XP level 21. HP: 55/128 MP: 4/40
 68694 | Depths:1 | Learned a level 5 spell: Borgnjor's Vile Clutch
 69148 | Depths:1 | Reached skill level 10 in Transmutations
 69675 | Depths:1 | Found a one-way gate to the infinite horrors of the Abyss.
 69782 | Depths:1 | Reached skill level 15 in Invocations
 70180 | Depths:2 | HP: 5/128 [frost giant/bolt of cold (48)]
 70302 | Depths:2 | Found a runed translucent door.
 70315 | Depths:2 | Noticed a golden dragon
 70317 | Depths:2 | Noticed a juggernaut
 70333 | Depths:2 | Killed a golden dragon
 70493 | Depths:2 | Paralysed by a vampire knight for 4 turns
 70495 | Depths:2 | Noticed Aizul
 70502 | Depths:2 | Killed Aizul
 70982 | Depths:2 | Found a one-way gate leading to the halls of Pandemonium.
 71480 | Depths:2 | Killed a juggernaut
 71550 | Depths:2 | Reached skill level 10 in Armour
 72142 | Depths:2 | Found a runed translucent door.
 72146 | Depths:2 | Found a runed translucent door.
 72721 | Depths:2 | Identified the +1 falchion "Rosime" {flame, rElec}
 73220 | Vaults:1 | Entered Level 1 of the Vaults
 73221 | Vaults:1 | Upgraded the game from 0.30-a0-1155-gf8af5b4991 to
                  | 0.30-a0-1160-g6e42c06551
 73751 | Vaults:1 | Found Ocleint's Magic Scroll Emporium.
 73789 | Vaults:1 | Bought a scroll of magic mapping for 105 gold pieces
 73789 | Vaults:1 | Bought a scroll of poison for 56 gold pieces
 74349 | Vaults:1 | Reached XP level 22. HP: 123/136 MP: 41/41
 75654 | Vaults:1 | Reached skill level 17 in Conjurations
 77108 | Vaults:2 | Reached skill level 15 in Earth Magic
 77334 | Vaults:2 | Paralysed by a great orb of eyes for 2 turns
 77346 | Vaults:2 | Paralysed by a great orb of eyes for 5 turns
 78040 | Vaults:2 | Reached skill level 18 in Conjurations
 78813 | Vaults:2 | Found Kiarynuaff's Jewellery Boutique.
 78824 | Vaults:2 | Bought the ring "Duinynun" {rCorr Int+3 Dex+6} for 823 gold
                  | pieces
 79007 | Vaults:2 | Found a staircase to the Crypt.
 79287 | Vaults:2 | Found Viniuj's Jewellery Shoppe.
 79599 | Vaults:3 | Found Adompuib's Distillery.
 79607 | Vaults:3 | Bought a potion of mutation for 160 gold pieces
 79607 | Vaults:3 | Bought 2 potions of brilliance for 160 gold pieces
 79683 | Vaults:3 | Found a gateway to a bazaar.
 79691 | Bazaar   | Entered a bazaar
 79691 | Bazaar   | Found Hitua's Antique Weapon Shop.
 79691 | Bazaar   | Found Betoij's General Store.
 79691 | Bazaar   | Found Pygu Eth's Antique Armour Emporium.
 79752 | Bazaar   | Bought a colourful robe for 114 gold pieces
 79752 | Bazaar   | Identified the +1 robe of Tomorrow {rElec} (You bought it
                  | in a shop in a bazaar)
 79752 | Bazaar   | Bought a wizard robe for 114 gold pieces
 79752 | Bazaar   | Identified the +0 robe of Insecurity {rF+ Regen+ Int+2
                  | Dex+3} (You bought it in a shop in a bazaar)
 79756 | Bazaar   | Found Ihaer's Magic Scroll Boutique.
 79764 | Bazaar   | Found Zaokkal's Jewellery Boutique.
 79794 | Bazaar   | Bought a scroll of fear for 44 gold pieces
 79794 | Bazaar   | Bought a scroll of teleportation for 33 gold pieces
 79816 | Bazaar   | Bought a scroll of fear for 44 gold pieces
 79816 | Bazaar   | Bought a scroll of fear for 44 gold pieces
 79858 | Bazaar   | Learned a level 8 spell: Lehudib's Crystal Spear
 80112 | Vaults:3 | Reached XP level 23. HP: 108/140 MP: 29/42
 80303 | Vaults:3 | Reached skill level 19 in Conjurations
 80736 | Vaults:3 | Found Oghaof's Weapon Emporium.
 81338 | Vaults:3 | Found Ramasack's Armour Boutique.
 82759 | Vaults:4 | Reached skill level 5 in Stealth
 83705 | Vaults:4 | Learned a level 7 spell: Spellforged Servitor
 83820 | Crypt:1  | Entered Level 1 of the Crypt
 83844 | Crypt:1  | Reached skill level 1 in Summonings
 83997 | Vaults:2 | Paralysed by a vampire knight for 4 turns
 84405 | Crypt:1  | Paralysed by a vampire knight for 2 turns
 84486 | Crypt:1  | Reached skill level 5 in Summonings
 84611 | Crypt:1  | Paralysed by a vampire knight for 5 turns
 84619 | Crypt:1  | Reached XP level 24. HP: 62/145 MP: 29/42
 84636 | Crypt:1  | Paralysed by a vampire knight for 4 turns
 84904 | Crypt:1  | Identified the +0 rapier of Dividends {venom, rC- Int+6}
 85259 | Crypt:1  | Found the +5 robe of Night {Dark Will+ SInv}
 85595 | Crypt:1  | Got the Annotations on Unspeakable Rituals
 86052 | Spider:1 | Killed Wosux's ghost
 86372 | Spider:1 | Acquired 353 gold pieces
 86617 | D:10     | Killed Odexios's ghost
 87559 | Crypt:2  | Noticed Frederick
 87605 | Crypt:2  | Killed Frederick
 88196 | Crypt:2  | Paralysed by a vampire knight for 2 turns
 88606 | Crypt:3  | Entered Level 3 of the Crypt
 88891 | Crypt:3  | Acquired a +2 eveningstar of holy wrath
 89330 | Crypt:3  | Paralysed by a vampire knight for 5 turns
 89765 | Crypt:3  | Reached skill level 10 in Summonings
 89969 | Crypt:3  | Paralysed by a vampire knight for 3 turns
 90068 | Crypt:3  | Got the Directory of Shades
 90105 | Crypt:3  | Noticed an ancient lich
 90112 | Crypt:3  | Killed an ancient lich
 90284 | Crypt:3  | Noticed an ancient lich
 90591 | Crypt:3  | Killed an ancient lich
 90592 | Crypt:3  | Reached XP level 25. HP: 141/150 MP: 19/42
 90680 | Crypt:3  | Identified the +0 ring mail of Tehaij {Drain rElec rF+
                  | Int+7}
 90688 | Crypt:3  | Got Kikubaaqudgha's Excursus on the Autopsy
 91013 | Crypt:3  | Found a staircase to the Tomb.
 91342 | Slime:1  | Entered Level 1 of the Pits of Slime
 92589 | Slime:3  | Gained mutation: You are frail. (-10% HP) [a shining eye]
 93013 | Slime:2  | Gained mutation: You have sharp toenails. [a shining eye]
 93014 | Slime:2  | Gained mutation: Armour fits poorly on your strangely
                  | shaped body. [a shining eye]
 93469 | Slime:2  | Gained mutation: You are partially covered in large bone
                  | plates. (SH +4) [a shining eye]
 93471 | Slime:2  | Gained mutation: You occasionally lose the ability to read
                  | scrolls when taking damage. [a shining eye]
 93473 | Slime:2  | Gained mutation: You are dopey. (Int -2) [a shining eye]
 93475 | Slime:2  | Gained mutation: You sometimes lose the ability to read
                  | scrolls when taking damage. [a shining eye]
 93480 | Slime:2  | Gained mutation: You are very dopey. (Int -4) [a shining
                  | eye]
 93937 | Slime:2  | Lost mutation: You have sharp toenails. [potion of
                  | mutation]
 93937 | Slime:2  | Lost mutation: You are frail. (-10% HP) [potion of
                  | mutation]
 93937 | Slime:2  | Gained mutation: You occasionally lose the ability to drink
                  | potions when taking damage. [potion of mutation]
 93937 | Slime:2  | Gained mutation: You are robust. (+10% HP) [potion of
                  | mutation]
 93937 | Slime:2  | Gained mutation: You expend magic power (3 MP) to
                  | strengthen your wands. [potion of mutation]
 93937 | Slime:2  | Gained mutation: A frigid envelope surrounds you and
                  | freezes all who hurt you. [potion of mutation]
 93938 | Slime:2  | Lost mutation: You are robust. (+10% HP) [potion of
                  | mutation]
 93938 | Slime:2  | Lost mutation: You expend magic power (3 MP) to strengthen
                  | your wands. [potion of mutation]
 93938 | Slime:2  | Gained mutation: You are agile. (Dex +4, Str/Int -1)
                  | [potion of mutation]
 93938 | Slime:2  | Gained mutation: You have large cloven feet. [potion of
                  | mutation]
 93938 | Slime:2  | Gained mutation: You are somewhat resistant to further
                  | mutation. [potion of mutation]
 93939 | Slime:2  | Lost mutation: You occasionally shout uncontrollably at
                  | your foes. [potion of mutation]
 93939 | Slime:2  | Lost mutation: You are somewhat resistant to further
                  | mutation. [potion of mutation]
 93939 | Slime:2  | Gained mutation: You are frail. (-10% HP) [potion of
                  | mutation]
 93940 | Slime:2  | Lost mutation: You are agile. (Dex +4, Str/Int -1) [potion
                  | of mutation]
 93940 | Slime:2  | Lost mutation: You are very dopey. (Int -4) [potion of
                  | mutation]
 93940 | Slime:2  | Lost mutation: You occasionally lose the ability to drink
                  | potions when taking damage. [potion of mutation]
 93940 | Slime:2  | Lost mutation: You are frail. (-10% HP) [potion of
                  | mutation]
 93940 | Slime:2  | Gained mutation: You have hidden genetic defects. [potion
                  | of mutation]
 93940 | Slime:2  | Lost mutation: You have hidden genetic defects. [potion of
                  | mutation]
 93941 | Slime:2  | Lost mutation: Armour fits poorly on your strangely shaped
                  | body. [potion of mutation]
 93941 | Slime:2  | Lost mutation: You sometimes lose the ability to read
                  | scrolls when taking damage. [potion of mutation]
 93941 | Slime:2  | Lost mutation: You occasionally lose the ability to read
                  | scrolls when taking damage. [potion of mutation]
 93941 | Slime:2  | Gained mutation: Your spells are a little harder to cast,
                  | but a little more powerful. [potion of mutation]
 93941 | Slime:2  | Gained mutation: You are mostly covered in large bone
                  | plates. (SH +6) [potion of mutation]
 94661 | Vaults:5 | Entered Level 5 of the Vaults
 96092 | Vaults:5 | Noticed a dread lich
 96097 | Vaults:5 | Killed a dread lich
 96201 | Vaults:5 | Noticed an ancient lich
 96210 | Vaults:4 | Killed an ancient lich
 96566 | Vaults:5 | Noticed a dread lich
 96659 | Vaults:5 | Paralysed by a dread lich for 3 turns
 96679 | Vaults:5 | Identified the +2 pair of boots of Ziew {Int+3}
 96944 | Vaults:5 | Found Geixim's Assorted Antiques.
 97158 | Vaults:5 | Bought a scroll of teleportation for 99 gold pieces
 97158 | Vaults:5 | Bought a potion of heal wounds for 165 gold pieces
 97158 | Vaults:5 | Bought a scroll of blinking for 247 gold pieces
 97186 | Vaults:5 | Killed a dread lich
 97699 | Vaults:5 | Reached XP level 26. HP: 160/160 MP: 42/42
 97766 | Vaults:5 | Identified the +1 buckler of the Circus Animal {Fly Str+4
                  | Int+3 Stlth+}
 97822 | Vaults:5 | Identified the +4 long sword "Zofucuot" {vamp, Dex+4
                  | Stlth+}
 97987 | Vaults:5 | Identified the +1 dagger of Zeboggot {protect, Int-3 Dex+4}
 98011 | Vaults:5 | Found Kohuel's Magic Scroll Shop.
 98036 | Vaults:5 | Bought a scroll of enchant armour for 75 gold pieces
 98036 | Vaults:5 | Bought a scroll of fear for 40 gold pieces
 98036 | Vaults:5 | Bought a scroll of teleportation for 30 gold pieces
 98036 | Vaults:5 | Bought a scroll of fear for 40 gold pieces
 98100 | Vaults:5 | Identified the ring "Pifiaq" {rN+ AC+4}
 98515 | Vaults:5 | Identified the ring "Buf Ydu" {Contam AC+4 Str+4}
 98956 | Vaults:5 | Identified the staff of earth "Nogaofup" {rElec rN+}
 99081 | Vaults:5 | Identified the staff of fire "Gehau" {rF+ rN+ Int+2 Dex+2}
 99123 | Vaults:5 | Got a silver rune of Zot
 99514 | Depths:3 | Reached skill level 15 in Fighting
100877 | Depths:3 | Paralysed by a floating eye for 4 turns
101288 | Depths:3 | Found a basalt altar of Yredelemnul.
101288 | Depths:3 | Noticed Jory
101294 | Depths:3 | Killed Jory
101404 | Depths:3 | Identified the staff of air "Laluwes" {rElec rN+ Str+2
                  | Stlth+}
101701 | Depths:3 | Found a one-way gateway to a ziggurat.
101729 | Depths:3 | Found Ratud's Weapon Boutique.
102482 | Depths:3 | Found a large runed translucent door.
102482 | Depths:3 | Found a large runed translucent door.
102484 | Depths:3 | Noticed Qikas's ghost (veteran MiBe)
102647 | Depths:3 | Killed Qikas's ghost
102714 | Depths:3 | Identified the +1 crystal plate armour "Doepn" {Rampage}
102743 | Depths:4 | Entered Level 4 of the Depths
102831 | Depths:4 | Noticed Mennas
102862 | Depths:4 | Killed Mennas
102992 | Depths:4 | Identified the +6 short sword "Sumadio" {flame, rPois}
103508 | Depths:4 | Reached skill level 20 in Conjurations
103963 | Depths:4 | Reached XP level 27. HP: 175/180 MP: 27/43
103972 | Depths:4 | Learned a level 8 spell: Necromutation
104598 | Depths:4 | Reached skill level 10 in Necromancy
104741 | Depths:4 | Found a gate to the Realm of Zot.
104801 | Zot:1    | Entered Level 1 of the Realm of Zot
104837 | Zot:1    | Identified the +0 ring mail "Laodwef" {rF+ rCorr MP-9}
104910 | Zot:1    | Noticed an orb of fire
104915 | Zot:1    | Killed an orb of fire
106604 | Zot:2    | Noticed Parghit
106609 | Zot:2    | Killed Parghit
108874 | Zot:3    | You are sucked into a shaft and drop 1 floor!
108879 | Zot:4    | Reached skill level 15 in Maces & Flails
109053 | Zot:3    | Noticed an orb of fire
109298 | Zot:3    | Gained mutation: Your body sometimes deteriorates upon
                  | taking damage. [an orb of fire]
109825 | Zot:3    | Gained mutation: You are very dopey. (Int -4) [an orb of
                  | fire]
109825 | Zot:3    | Gained mutation: You are frail. (-10% HP) [an orb of fire]
109827 | Zot:3    | Killed an orb of fire
111833 | Zot:5    | Entered Level 5 of the Realm of Zot
112832 | Zot:5    | Noticed a dread lich
113002 | Zot:5    | Noticed a dread lich
113014 | Zot:5    | Noticed an orb of fire
113014 | Zot:5    | Gained mutation: Armour fits poorly on your strangely
                  | shaped body. [a cacodemon]
113016 | Zot:5    | Gained mutation: You occasionally lose the ability to drink
                  | potions when taking damage. [an orb of fire]
113016 | Zot:5    | Noticed an orb of fire
113148 | Zot:5    | Lost mutation: Armour fits poorly on your strangely shaped
                  | body. [potion of mutation]
113148 | Zot:5    | Lost mutation: You have large cloven feet. [potion of
                  | mutation]
113148 | Zot:5    | Lost mutation: Your spells are a little harder to cast, but
                  | a little more powerful. [potion of mutation]
113149 | Zot:5    | Lost mutation: You are mostly covered in large bone plates.
                  | (SH +6) [potion of mutation]
113149 | Zot:5    | Lost mutation: You occasionally lose the ability to drink
                  | potions when taking damage. [potion of mutation]
113149 | Zot:5    | Gained mutation: You are very frail. (-20% HP) [potion of
                  | mutation]
113149 | Zot:5    | Gained mutation: Your muscles are strong. (Str +4, Int/Dex
                  | -1) [potion of mutation]
113150 | Zot:5    | Lost mutation: Your body sometimes deteriorates upon taking
                  | damage. [potion of mutation]
113150 | Zot:5    | Lost mutation: Your muscles are strong. (Str +4, Int/Dex
                  | -1) [potion of mutation]
113150 | Zot:5    | Lost mutation: A frigid envelope surrounds you and freezes
                  | all who hurt you. [potion of mutation]
113150 | Zot:5    | Lost mutation: You are very dopey. (Int -4) [potion of
                  | mutation]
113150 | Zot:5    | Gained mutation: You have supernaturally acute eyesight.
                  | (SInv) [potion of mutation]
113150 | Zot:5    | Lost mutation: You have supernaturally acute eyesight.
                  | (SInv) [potion of mutation]
113151 | Zot:5    | Lost mutation: You are partially covered in large bone
                  | plates. (SH +4) [potion of mutation]
113151 | Zot:5    | Lost mutation: You are dopey. (Int -2) [potion of mutation]
113151 | Zot:5    | Lost mutation: You are very frail. (-20% HP) [potion of
                  | mutation]
113151 | Zot:5    | Gained mutation: You have very sharp teeth. [potion of
                  | mutation]
113152 | Zot:5    | Lost mutation: You are frail. (-10% HP) [potion of
                  | mutation]
113152 | Zot:5    | Lost mutation: You have very sharp teeth. [potion of
                  | mutation]
113152 | Zot:5    | Gained mutation: Your spells are a little harder to cast,
                  | but a little more powerful. [potion of mutation]
113228 | Zot:5    | Noticed a dread lich
113233 | Zot:5    | Paralysed by a dread lich for 3 turns
113238 | Zot:5    | Killed a dread lich
113418 | Zot:5    | Noticed an orb of fire
113422 | Zot:5    | Killed an orb of fire
113433 | Zot:5    | Killed an orb of fire
113521 | Zot:5    | Killed a dread lich
113540 | Zot:5    | Paralysed by something for 3 turns
113543 | Zot:5    | Killed an orb of fire
113544 | Zot:5    | Killed a dread lich
113548 | Zot:5    | Reached skill level 21 in Conjurations
113739 | Zot:5    | Noticed an orb of fire
113744 | Zot:5    | Killed an orb of fire
114459 | Zot:5    | Noticed an ancient lich
114463 | Zot:5    | Noticed an orb of fire
114464 | Zot:5    | Killed an ancient lich
114469 | Zot:5    | Gained mutation: You are weak. (Str -2) [an orb of fire]
114471 | Zot:5    | Gained mutation: You are somewhat resistant to further
                  | mutation. [an orb of fire]
114472 | Zot:5    | Killed an orb of fire
114659 | Zot:5    | Noticed a dread lich
114662 | Zot:5    | Killed a dread lich
114870 | Zot:5    | Got the Orb of Zot
115245 | D:12     | Noticed Fed Diqe the pandemonium lord
115253 | D:12     | Killed Fed Diqe the pandemonium lord
115533 | D:$      | Escaped with the Orb!

Illustrated notes

Levels and vault maps discovered:
D:1:      ldierk_walled_garden_2, layout_rooms
D:2:      layout_basic, basic_altar
D:3:      kennysheep_the_goblin_king, layout_rooms,
          eat_drink_and_be_merry_uskayaw, trog_three_pillars_becter,
          shapermc_ecumenical_altar_pompeii, serial_bayou_lake_a
D:4:      layout_loops_cross, mainiacjoe_overflow_six_doors_small,
          nicolae_elyvilon_peaceful_grove, serial_shops, shop, hellmonk_no_cap
D:5:      layout_loops_cross, mainiacjoe_overflow_24_doors, uniq_duvessa,
          uniq_eustachio
D:6:      layout_basic, mainiacjoe_overflow_concentric_impassable,
          tso_oasis_becter, mainiacjoe_overflow_tiny_flanked,
          minmay_temple_entry_statues_pillars
D:7:      layout_loops_ring, lemuel_coloured_pillars_altar, uniq_menkaure
D:8:      layout_layer_cave, xom_confusion_cloud, ashenzari_conservatory_becter
D:9:      lemuel_slime, layout_basic, mainiacjoe_overflow_alcove_4,
          mainiacjoe_overflow_small_starburst, zin_statuary
D:10:     layout_gridville, gammafunk_ghost_wrathful_warriors, minmay_shop_mass
D:11:     layout_stronghold, grunt_lair_entry_orc_guard_hut
D:12:     layout_basic
D:13:     layout_rooms
D:14:     layout_basic, david_vaults_1, chequers_serial_rivers_small_a
D:15:     hangedman_depths_entry_civil_slaughter, layout_gridville, uniq_nessos,
          uniq_kirke
Lair:1:   dreamdust_cave_troll, layout_misc_corridors, grunt_megastairs_4,
          infiniplex_staircase_pool_2, lemuel_fruit_fields, lemuel_fruit_tree,
          uniq_nergalle
Lair:2:   layout_regular_city, swamp_mist_pool, hellmonk_ghost_happy_afterlife,
          chequers_serial_rivers_marsh, nzn_sisyphean_effort,
          uniq_prince_ribbit2
Lair:3:   layout_loops_ring, hellmonk_spider_entry_not_the_bees,
          lemuel_fruit_fields, infiniplex_staircase_pool, serial_bayou_shore_b
Lair:4:   layout_cave_shapes, nicolae_slime_entry_field_trip,
          grunt_forest_small_clearings
Lair:5:   minmay_lair_end_enchanted_forest, layout_cave_pods, uniq_urug
Swamp:1:  layout_basic_swamp, evilmike_swamp_ruin_rubble_2, uniq_roxanne,
          uniq_josephine
Swamp:2:  layout_basic_swamp, evilmike_swamp_ruin_house_3
Swamp:3:  layout_basic_swamp, evilmike_swamp_ruin_house_2, swamp_pool5,
          ldierk_geyser
Swamp:4:  swamp_fiery, layout_basic_swamp
Spider:1: layout_chambers, nzn_ghost_randoct
Spider:2: layout_spider_delve, hangedman_spider_tarantella_strand
Spider:3: layout_chambers
Spider:4: grunt_spider_rune_circles, nicolae_spider_some_kinda_spiderbox,
          uniq_arachne, uniq_asterion, uniq_mara
Slime:1:  layout_caves, cheibrodos_slime_lost_civilization_6
Slime:2:  layout_caves, nicolae_slime_crime_time
Slime:3:  nicolae_slime_infinislime, layout_caves, basic_altar
Orc:1:    layout_caves, serial_shops, shop_statue
Orc:2:    grunt_orc_cross, layout_caves, portal_ice_cave_entry_imps,
          serial_shops, nicolae_diamond_shop
Elf:1:    layout_geoelf_diagonals, serial_shops, shop, basic_altar,
          hangedman_elven_crosses_minicolossus
Elf:2:    elven_hall_of_blades_hangedman_alternative
          [nicolae_blade_entry_sentries_behind_glass], layout_loops_corners,
          serial_shops, shop, minmay_misc_feat_pillars, minmay_shoptagon,
          uniq_azrael
Elf:3:    grunt_elf_hall_branching, layout_geoelf_castle,
          nicolae_trove_entry_crossroad
Vaults:1: vaults_standard_mumra_lines, vaults_dpeg_emergency_exit, st_check,
          vaults_dpeg_hooks, vaults_mumra_chevron_long,
          nicolae_vaults_network_star, vaults_room_grunt_arrival_ludios,
          layout_vaults_omnigrid, serial_shops,
          nicolae_shop_pleasant_corner_grove
Vaults:2: v_rooms_6, minmay_crypt_entry_vampire_xt, vaults_room_door_ring,
          vaults_standard_mumra_x, vaults_dpeg_ring, v_misc_30,
          nicolae_vaults_network_quinsquares
          [nicolae_vaults_network_quincunx_subvault,
          nicolae_vaults_network_quincunx_subvault,
          nicolae_vaults_network_quincunx_subvault,
          nicolae_vaults_network_quincunx_subvault], vaults_room_corners,
          ontoclasm_vaults_ring_large, v_misc_27, vaults_dpeg_spiral,
          ontoclasm_vaults_twist, vaults_room_mumra_shop_pool, st_cells,
          hangedman_vaults_impose, layout_vaults_ring, serial_shops,
          nicolae_square_shop
Vaults:3: hangedman_vaults_stitches, vaults_dpeg_cross, v_alt_pattern_1,
          nicolae_vaults_little_squares_6, nicolae_vaults_diagonal_hallway_7,
          v_misc_22, ontoclasm_vaults_ligature, hangedman_vaults_stagger,
          vaults_mumra_minichess, grunt_vaults_funnel, v_misc_14,
          hangedman_vaults_pinch, v_misc_2, layout_vaults_omnibox, serial_shops,
          statue_bzr, shop_statue, nicolae_shop_tiny_waterfront,
          nicolae_shop_back_alley_shop
Vaults:4: nicolae_vaults_asterisk, hangedman_vaults_nails, v_misc_26,
          hangedman_vaults_trim, nicolae_vaults_yaktaur_gun_rack,
          vaults_dpeg_encased_lava, vaults_room_pools,
          nicolae_vaults_little_squares_1, nicolae_vaults_mini_display_case,
          nicolae_vaults_little_squares_3, nicolae_vaults_big_ls,
          vaults_room_door_ring, v_misc_22, layout_vaults_maze_snakey
Vaults:5
Crypt:1:  layout_misc_corridors, special_room [special_room_morgue],
          infiniplex_enter_wizlab_water, serial_sigils_hangedman_shear
Crypt:2:  layout_chaotic_city, uniq_frederick
Crypt:3:  david_glass_crypt, layout_gridlike, nicolae_tomb_entry_rubble_hallway,
          special_room [special_room_morgue], grunt_megastairs_5
Depths:1: nzn_winding_woodlands_stair_trap [nzn_winding_woodlands_5x15_parted,
          nzn_winding_woodlands_5x15_twine,
          nzn_winding_woodlands_5x15_concentric,
          nzn_winding_woodlands_15x15_boxy_spiral,
          nzn_winding_woodlands_5x15_split_checker,
          nzn_winding_woodlands_5x15_lazy_stream,
          nzn_winding_woodlands_5x15_sawtooth], layout_long_grid,
          minmay_room_of_horrors, hell_entry, kennysheep_two_boxes
Depths:2: minmay_the_grid_triangle_9x9_rhombus_thin
          [minmay_the_grid_triangle_9x9_pentomino_pain,
          minmay_the_grid_triangle_9x9_prize_insulated,
          minmay_the_grid_triangle_9x9_fully_insulated_deathbox,
          minmay_the_grid_triangle_9x9_longest], layout_gridville, hellmouth_1,
          rand_demon_pan_entry_1, kennysheep_big_empty_room,
          dreamdust_wishing_well, minmay_misc_feat_more_columns, uniq_josephina,
          uniq_aizul
Depths:3: lemuel_vampire_tower, layout_gridlike, enter_ziggurat_b, serial_shops,
          nicolae_shop_advertising_works [nicolae_subvault_shop_adworks],
          abyss_entry_glasseish, hell_entry, minmay_misc_feat_rugged,
          ebering_ghost_disaster_area, kennysheep_generic_room_5
Depths:4: grunt_zot_entry_pinwheel, layout_gridlike,
          minmay_misc_feat_secret_circle, hell_entry, kb_rosetta, uniq_mennas
Zot:1:    layout_gridville, grunt_megastairs_2
Zot:2:    layout_cathedral_of_symmetry, uniq_parghit
Zot:3:    grunt_zot_stairs_mandelzot, layout_gridlike
Zot:4:    layout_gridlike, grunt_megastairs_1
Zot:5:    layout_basic

Skill      XL: |  1  2  3  4  5  6  7  8  9 10 11 12 13 14 15 16 17 18 19 20 21 22 23 24 25 26 27 |
---------------+----------------------------------------------------------------------------------+-----
Fighting       | 1 2 4 5 6 7 8 10 11 12 13 14 20 | 20.3
Earth Magic    | 4 5 7 8 9 10 11 12 13 16 18 20 | 20.1
Conjurations   | 1 2 3 6 7 9 11 13 15 16 18 19 20 21 | 21.6
Spellcasting   | 3 4 5 6 7 9 11 12 13 14 15 16 | 16.0
Maces & Flails | 1 2 4 5 7 8 9 10 11 17 | 17.8
Armour         | 1 2 4 6 7 8 9 10 12 | 12.4
Invocations    | 2 4 5 6 8 11 12 13 14 15 18 19 | 19.2
Evocations     | 2 3 5 6 7 |  7.7
Transmutations | 2 6 7 8 9 10 | 10.0
Shields        | 2 8 9 10 11 12 | 12.0
Necromancy     | 3 6 7 8 9 10 | 10.8
Dodging        | 5 6 8 9 |  9.7
Translocations | 7 8 9 |  9.4
Stealth        | 6 7 |  7.7
Summonings     | 5 10 11 | 11.4

Action                     |  1- 3 |  4- 6 |  7- 9 | 10-12 | 13-15 | 16-18 | 19-21 | 22-24 | 25-27 || total
---------------------------+-------+-------+-------+-------+-------+-------+-------+-------+-------++-------
  Melee: Spear             |     6 |     3 |       |       |       |       |       |       |       ||     9
         Mace              |       |     8 |       |       |       |       |       |       |       ||     8
         Flail             |       |       |    85 |   127 |   536 |       |       |       |       ||   748
         Punch             |       |       |       |     1 |       |       |       |       |       ||     1
         Morningstar       |       |       |       |       |    55 |   827 |       |       |       ||   882
         Demon whip        |       |       |       |       |       |    13 |  1157 |  2672 |  1370 ||  5212
   Cast: Sandblast         |    55 |    74 |    56 |    77 |    92 |     7 |       |       |       ||   361
         Stone Arrow       |       |     5 |    58 |   175 |   155 |    23 |       |       |       ||   416
         Irradiate         |       |       |       |    12 |    65 |    45 |    20 |    16 |    44 ||   202
         Iron Shot         |       |       |       |       |    56 |   241 |   339 |    77 |   111 ||   824
         Iskenderun's Myst |       |       |       |       |       |    65 |    95 |   106 |    71 ||   337
         Passwall          |       |       |       |       |       |    10 |     2 |       |     1 ||    13
         Dispel Undead     |       |       |       |       |       |       |     8 |    16 |     8 ||    32
         Borgnjor's Vile C |       |       |       |       |       |       |       |     9 |    20 ||    29
         Lehudib's Crystal |       |       |       |       |       |       |       |    55 |   177 ||   232
         Spellforged Servi |       |       |       |       |       |       |       |    18 |    55 ||    73
         Apportation       |       |       |       |       |       |       |       |       |     3 ||     3
 Invoke: Slouch            |       |       |       |     3 |     4 |     5 |     8 |     4 |     3 ||    27
         Bend Time         |       |       |       |       |       |       |     2 |       |       ||     2
         Step From Time    |       |       |       |       |       |       |     3 |     1 |       ||     4
  Evoke: Wand              |       |       |     4 |    41 |    18 |    16 |    19 |    27 |    23 ||   148
    Use: Scroll            |     7 |     8 |     2 |     6 |     6 |    13 |    13 |    22 |    19 ||    96
         Potion            |       |       |     9 |       |     3 |    14 |     9 |     7 |    24 ||    66
   Stab: Sleeping          |     1 |     1 |       |     2 |     1 |     4 |       |     5 |     7 ||    21
         Paralysed         |       |       |       |     8 |       |       |       |     7 |     4 ||    19
         Confused          |       |       |       |       |     2 |     1 |       |       |       ||     3
         Distracted        |       |       |       |       |       |     1 |     1 |    10 |    11 ||    23
 Armour: Robe              |    10 |    16 |    56 |    25 |       |       |       |   693 |   328 ||  1128
         Steam dragon scal |       |       |       |    68 |       |       |       |       |       ||    68
         Skin              |       |       |       |     1 |       |       |       |       |       ||     1
         Troll leather arm |       |       |       |    87 |   605 |   197 |       |       |       ||   889
         Fire dragon scale |       |       |       |       |       |   766 |   642 |   287 |    62 ||  1757
  Dodge: Dodged            |    12 |    22 |    75 |   243 |   543 |  1234 |   693 |  1922 |   767 ||  5511
  Block: Kite shield       |       |       |       |    50 |   848 |  1096 |   821 |  2022 |  1400 ||  6237
         Reflection        |       |       |       |       |       |       |       |       |    14 ||    14

Table legend: (Time is in decaauts)
 A = Elapsed time spent in this place.
 B = Non-inter-level travel time spent in this place.
 C = Inter-level travel time spent in this place.
 D = Time resting spent in this place.
 E = Time spent auto-exploring this place.
 F = Levels seen in this place.
 G = Mean time per level.
                   A        B        C        D        E       F      G
               +--------+--------+--------+--------+--------+-----+--------+
         Total | 149205 | 138773 |  10432 |  55190 |  61885 |  58 | 2572.5 |
       Dungeon |  33676 |  30005 |   3671 |  13524 |  13718 |  15 | 2245.1 |
          Lair |  12125 |  10269 |   1856 |   2761 |   5940 |   5 | 2425.0 |
         Swamp |   8081 |   7509 |    572 |   2971 |   3196 |   4 | 2020.2 |
   Spider Nest |  14704 |  14245 |    459 |   6684 |   5418 |   4 | 3676.0 |
    Slime Pits |   3462 |   3391 |     71 |   2275 |    651 |   3 | 1154.0 |
  Orcish Mines |   4108 |   3496 |    612 |   1392 |   1504 |   2 | 2054.0 |
   Elven Halls |  11550 |  11235 |    315 |   4409 |   4748 |   3 | 3850.0 |
        Vaults |  20185 |  18925 |   1260 |   7090 |   8302 |   5 | 4037.0 |
         Crypt |   7440 |   7088 |    352 |   2295 |   3326 |   3 | 2480.0 |
        Depths |  15327 |  14477 |    850 |   5543 |   6734 |   4 | 3831.8 |
           Zot |  13817 |  13406 |    411 |   4657 |   6828 |   5 | 2763.4 |
         Abyss |   2471 |   2471 |      0 |    626 |    765 |   3 |  823.7 |
        Bazaar |    270 |    270 |      0 |      0 |    138 |   1 |  270.0 |
      Ice Cave |   1983 |   1983 |      0 |    960 |    615 |   1 | 1983.0 |
               +--------+--------+--------+--------+--------+-----+--------+

Top non-repeatable levels by time:
   Elf:3: 5246 daAuts
Vaults:4: 5117 daAuts
Spider:3: 4780 daAuts
Vaults:2: 4656 daAuts
Depths:1: 4586 daAuts
Spider:4: 4468 daAuts
    D:15: 4359 daAuts
   Elf:2: 4313 daAuts
Depths:2: 4241 daAuts
Vaults:1: 4098 daAuts
   Zot:5: 3852 daAuts
Vaults:5: 3684 daAuts
    D:14: 3612 daAuts
Depths:3: 3600 daAuts
Spider:1: 3348 daAuts
